 Dungeon Crawl Stone Soup version 0.29-a0-22-gbf593b16ee (console) character file.

Game seed: 12605908120336134094

156 Melian the Chopper (level 5, -2/48 HPs)
             Began as a Minotaur Berserker on Jan 29, 2022.
             Was a Priest of Trog.
             Slain by an ogre (12 damage)
             ... on level 3 of the Dungeon.
             The game lasted 00:07:57 (2556 turns).

Melian the Chopper (Minotaur Berserker)             Turns: 2556, Time: 00:07:57

Health: -2/48      AC:  4    Str: 24    XL:     5   Next: 14%
Magic:  4/4        EV: 12    Int:  4    God:    Trog [***...]
Gold:   118        SH:  0    Dex:  9    Spells: 4/4 levels left

rFire   + . .      SeeInvis .   k - +0 war axe
rCold   . . .      Faith    .   (no shield)
rNeg    + . .      Spirit   .   b - +0 animal skin
rPois   +          Reflect  .   p - +2 hood of the Assassin {Detection Stab+ Stlth++}
rElec   .          Harm     .   (no cloak)
rCorr   .          Rampage  .   (no gloves)
Will    .....      Rage     1%  (no boots)
Stlth   +++.......              (no amulet)
HPRegen 0.16/turn               f - ring of flight
MPRegen 0.09/turn               o - ring of positive energy

@: flying
A: horns 2, retaliatory headbutt, berserk 1, fire resistance 1, sense
surroundings 1, poison resistance
a: Renounce Religion, Berserk, Trog's Hand


You were on level 3 of the Dungeon.
You worshipped Trog.
Trog was most pleased with you.
You visited 1 branch of the dungeon, and saw 3 of its levels.

You collected 118 gold pieces.

Inventory:

Hand Weapons
 k - a +0 war axe (weapon)
Missiles
 d - 6 boomerangs (quivered)
Armour
 b - a +0 animal skin (worn)
 p - the +2 hood of the Assassin (worn) {Detection Stab+ Stlth++}
   (You acquired it on level 3 of the Dungeon)

   It allows the wearer to sense nearby creatures.
   It allows the wearer to make particularly effective stabbing attacks against
   helpless or unaware enemies with any weapon.
   Stlth:     It makes you much more stealthy.
Jewellery
 f - a ring of flight (left hand)
 o - a ring of positive energy (right hand)
Wands
 q - a wand of polymorph (10)
Scrolls
 c - a scroll of vulnerability {unknown}
 e - a scroll of teleportation {unknown}
 h - a scroll of noise {unknown}
 l - a scroll of identify {unknown}
 m - 2 scrolls of acquirement
Potions
 a - a potion of mutation
 g - a potion of brilliance {unknown}
 i - a potion of ambrosia {unknown}
 j - a potion of heal wounds {unknown}
 n - a potion of lignification {unknown}


   Skills:
 + Level 5.5 Fighting
 + Level 5.6 Axes
 - Level 2.5 Armour
 - Level 2.2 Dodging


You had 4 spell levels left.
You didn't know any spells.
Your spell library was empty.

Dungeon Overview and Level Annotations

Branches:
Dungeon (3/15)

Altars:

Shops:
D:3 ?


Innate Abilities, Weirdness & Mutations

You have a pair of horns on your head.
You reflexively headbutt those who attack you in melee.
You tend to lose your temper in combat.
Your flesh is heat resistant. (rF+)
You passively map a small area around you.
Your system is resistant to poisons. (rPois)


Message History

You hear a shout!
An orc wizard comes into view. It is wielding a +0 dagger.
The orc shouts!
An orc comes into view. It is wielding a +0 mace.
The orc wizard gestures at you while chanting.
You are confused.
You bump into the rock wall.
An ogre comes into view. It is wielding a +0 giant club.
The orc wizard casts a spell at you.
You are more confused.
An orc comes into view. It is wielding a +0 falchion.
You're too confused to move!
You bump into the rock wall.
You bump into the rock wall.
You bump into the rock wall.
The orc misses you. The orc barely misses you. The orc misses you.
You slash the orc!
You kill the orc!
Trog accepts your kill.
You miss the orc. The orc closely misses you.
The orc wizard gestures wildly while chanting.
The orc wizard flickers and vanishes!
Deactivating autopickup; reactivate with Ctrl-A.
You are too confused!
You bump into the rock wall.
The ogre misses you.
You bump into the rock wall.
The ogre hits you with a +0 giant club!
You closely miss the ogre.
You feel less confused. The ogre closely misses you.
You barely miss the ogre. The ogre closely misses you.
You hit the ogre. You headbutt the ogre.
The ogre is lightly wounded.
The ogre hits you with a +0 giant club!!
Ouch! That really hurt!
* * * LOW HITPOINT WARNING * * *
It was a potion of mutation.
You feel extremely strange.
You feel a strange attunement to the structure of the dungeons.
You feel resistant to heat.
You feel a little pissed off.
You feel resistant to poisons. The ogre hits you with a +0 giant club!
You die...

### * * ... , , ,
### , ..# ,
######.# * * , .
#......# * , ,
..#.#....#,* *
...<.....# *
.........#
........{######.#*
* { , o
#ooO@.....# , {
,##o######## * {
#.# ########## #.#
* .........## #.#
** ########..# #.#
##.# #.# * * #.##
#.# * * #..###.###
#........#
#........# *


You could see an ogre and 3 orcs.

Vanquished Creatures
  4 gnolls
  4 adders
  A worm (D:2)
  2 dart slugs (D:1)
  An orc (D:3)
  8 ball pythons
  4 endoplasms
  3 giant cockroaches
  4 hobgoblins
  3 jackals
  9 kobolds
  5 quokkas
  6 bats
  4 frilled lizards
  6 goblins (D:1)
  6 rats
70 creatures vanquished.

Notes
Turn   | Place    | Note
-------+----------+-------------------------------------------
     0 | D:1      | Melian the Minotaur Berserker began the quest for the Orb.
     0 | D:1      | Reached XP level 1. HP: 19/19 MP: 0/0
   129 | D:1      | Reached XP level 2. HP: 9/27 MP: 1/1
   563 | D:1      | Reached XP level 3. HP: 21/34 MP: 2/2
   564 | D:1      | Reached ** piety under Trog
  1125 | D:2      | Reached XP level 4. HP: 35/41 MP: 3/3
  1251 | D:2      | Found a faded altar of an unknown god.
  1255 | D:2      | Reached skill level 5 in Axes
  1257 | D:2      | Reached skill level 5 in Fighting
  2176 | D:3      | Reached XP level 5. HP: 36/48 MP: 4/4
  2283 | D:3      | Reached *** piety under Trog
  2320 | D:3      | Found Inuisi's Magic Scroll Boutique.
  2325 | D:3      | Identified 3 scrolls of acquirement
  2325 | D:3      | Acquired the +2 hood of the Assassin {Detection Stab+
                  | Stlth++}
  2325 | D:3      | Found the +2 hood of the Assassin {Detection Stab+ Stlth++}
  2541 | D:3      | Noticed an ogre
  2556 | D:3      | Gained mutation: You passively map a small area around you.
                  | [potion of mutation]
  2556 | D:3      | Gained mutation: Your flesh is heat resistant. (rF+)
                  | [potion of mutation]
  2556 | D:3      | Gained mutation: You tend to lose your temper in combat.
                  | [potion of mutation]
  2556 | D:3      | Gained mutation: Your system is resistant to poisons.
                  | (rPois) [potion of mutation]
  2556 | D:3      | Slain by an ogre

Illustrated notes

Levels and vault maps discovered:
D:1:      psy_arrival_conway, layout_rooms, serial_glass, glass_columns_b,
          glass_columns_b
D:2:      layout_rooms, hellmonk_ecumenical_altar_run_dry
D:3:      layout_basic, serial_shops, shop

Skill      XL: |  1  2  3  4 |
---------------+-------------+-----
Fighting       | 4 5 |  5.5
Axes           | 4 5 |  5.6
Armour         | |  2.5
Dodging        | |  2.2

Action                   |  1- 3 |  4- 6 || total
-------------------------+-------+-------++-------
Melee: Hand axe          |    61 |    13 ||    74
       Headbutt          |     5 |     7 ||    12
       War axe           |       |    50 ||    50
       Punch             |       |     2 ||     2
Invok: Berserk           |     1 |       ||     1
  Use: Scroll            |       |     1 ||     1
       Potion            |       |     1 ||     1
 Stab: Sleeping          |     2 |     1 ||     3
Armor: Animal skin       |    13 |    15 ||    28
Dodge: Dodged            |    33 |    55 ||    88

Table legend: (Time is in decaauts)
 A = Elapsed time spent in this place.
 B = Non-inter-level travel time spent in this place.
 C = Inter-level travel time spent in this place.
 D = Time resting spent in this place.
 E = Time spent auto-exploring this place.
 F = Levels seen in this place.
 G = Mean time per level.
                   A        B        C        D        E       F      G
               +--------+--------+--------+--------+--------+-----+--------+
         Total |   2584 |   2507 |     77 |      0 |   1858 |   3 |  861.3 |
       Dungeon |   2584 |   2507 |     77 |      0 |   1858 |   3 |  861.3 |
               +--------+--------+--------+--------+--------+-----+--------+

Top non-repeatable levels by time:
     D:1: 1376 daAuts
     D:2: 819 daAuts
     D:3: 388 daAuts
